 Dungeon Crawl Stone Soup version 0.24-a0-479-g9a978d2894 (webtiles) character file.

Game seed: 3790503241525685723

184 Gynju the Poker (level 5, 0/41 HPs)
             Began as a Demonspawn Fighter on July 7, 2019.
             Succumbed to a goblin's poison
             ... on level 3 of the Dungeon.
             The game lasted 00:03:18 (1940 turns).

Gynju the Poker (Demonspawn Fighter)                Turns: 1940, Time: 00:03:19

Health: 0/41       AC: 10    Str: 17    XL:     5   Next: 36%
Magic:  5/5        EV:  4    Int:  9    God:
Gold:   57         SH: 12    Dex: 13    Spells: 4/4 levels left

rFire    . . .     SeeInvis .   a - +0 trident
rCold    . . .     Gourm    .   c - +0 shield
rNeg     . . .     Faith    .   j - +0 chain mail
rPois    .         Spirit   .   (no helmet)
rElec    .         Reflect  .   (no cloak)
rCorr    .         Harm     .   l - +0 pair of gloves
MR       .....                  (no boots)
Stlth    ..........             (no amulet)
HPRegen  0.13/turn              (no ring)
MPRegen  0.09/turn              (no ring)

@: lethally poisoned (0 -> -12), flying
A: large bone plates 1, mutation resistance 1, rot immunity
a: no special abilities


You were on level 3 of the Dungeon.
You were not hungry.

You visited 1 branch of the dungeon, and saw 3 of its levels.

You collected 57 gold pieces.

Inventory:

Hand Weapons
 a - a +0 trident (weapon)
Armour
 c - a +0 shield (worn)
 j - a +0 chain mail (worn)
 l - a +0 pair of gloves (worn)
Jewellery
 i - an uncursed ring of flight {unknown}
Scrolls
 h - a scroll of teleportation {unknown}
 k - 2 scrolls of noise {unknown}
 n - a scroll of immolation {unknown}
 o - a scroll of fear {unknown}
 p - 2 scrolls of identify {unknown}
 q - a scroll of amnesia {unknown}
Potions
 d - a potion of might
Comestibles
 f - 6 rations
 r - a chunk of flesh


   Skills:
 - Level 3.0 Fighting
 * Level 5.2 Polearms
 - Level 2.6 Armour
 - Level 2.6 Shields


You had 4 spell levels left.
You didn't know any spells.
Your spell library was empty.

Dungeon Overview and Level Annotations

Branches:
Dungeon (3/15)

Altars:
Dithmenos
Nemelex Xobeh
Qazlal
Uskayaw


Innate Abilities, Weirdness & Mutations

You are partially covered in large bone plates. (SH +4)
You are immune to rotting.
You are somewhat resistant to further mutation.


Message History

There is a lethal amount of poison in your body!
There is a lethal amount of poison in your body!
Okay, then.
* * * LOW HITPOINT WARNING * * *
You feel sick.
* * * LOW HITPOINT WARNING * * *
You feel sick.
* * * LOW HITPOINT WARNING * * *
You feel sick.
* * * LOW HITPOINT WARNING * * *
You feel sick.
* * * LOW HITPOINT WARNING * * *
You feel sick.
* * * LOW HITPOINT WARNING * * *
You feel sick.
* * * LOW HITPOINT WARNING * * *
You feel sick.
* * * LOW HITPOINT WARNING * * *
You feel sick.
You die...

............###########.#.
###########.# #... ..#.#
##.# #.#.# ####.. #.#.#
#..... #.#.# #..... #.#)#
#..... #.#.#### #####.
###@.....# ## ..#......# #
#.#......# # . #.#......#
##### ... #.#.#.#### #....
....# #.#.#.# #....
......#...#.# #....
......)(..#.# #####
.(....))).#


There were no monsters in sight!

Vanquished Creatures
  Purgy (D:3)
  3 adders
  2 oozes
  3 worms
  2 leopard geckos (D:2)
  3 orcs (D:3)
  A ball python (D:3)
  A giant cockroach (D:2)
  3 goblins
  6 hobgoblins
  2 jackals (D:2)
  2 bats
  A frilled lizard (D:3)
  11 kobolds
  4 rats
45 creatures vanquished.

Notes
Turn   | Place    | Note
-------+----------+-------------------------------------------
     0 | D:1      | Gynju the Demonspawn Fighter began the quest for the Orb.
     0 | D:1      | Reached XP level 1. HP: 18/18 MP: 1/1
    80 | D:1      | Reached skill level 2 in Polearms
   270 | D:1      | Gained mutation: You are immune to rotting. [demonic
                  | ancestry]
   270 | D:1      | Reached XP level 2. HP: 24/24 MP: 2/2
   629 | D:2      | Found a hide-covered altar of Uskayaw.
   670 | D:2      | Found a sparkling altar of Nemelex Xobeh.
   679 | D:2      | Reached skill level 3 in Polearms
   713 | D:2      | Gained mutation: You are partially covered in large bone
                  | plates. (SH +4) [demonic ancestry]
   713 | D:2      | Reached XP level 3. HP: 26/29 MP: 3/3
   968 | D:2      | Found a stormy altar of Qazlal.
  1224 | D:2      | Found a shadowy altar of Dithmenos.
  1502 | D:3      | Noticed Purgy
  1531 | D:3      | Killed Purgy
  1531 | D:3      | Reached skill level 4 in Polearms
  1531 | D:3      | Reached XP level 4. HP: 20/35 MP: 4/4
  1531 | D:3      | Reached XP level 5. HP: 24/41 MP: 5/5
  1718 | D:3      | Reached skill level 5 in Polearms
  1930 | D:3      | Gained mutation: You are somewhat resistant to further
                  | mutation. [potion of mutation]
  1938 | D:3      | HP: 2/41 [poisoned by a goblin]
  1940 | D:3      | Succumbed to a goblin's poison

Levels and vault maps discovered:
D:1:      eino_arrival_cavern_e, layout_loops_cross
D:2:      layout_loops_cross, nicolae_overflow_crystal_walls,
          lemuel_round_altar, overflow_temple_1_default, first_ration,
          grunt_qazlal_clouds
D:3:      layout_basic, uniq_purgy

Skill      XL: |  1  2  3  4  5 |
---------------+----------------+-----
Polearms       | 2 3 4 5 |  5.2
Fighting       | |  3.0
Armour         | |  2.6
Shields        | |  2.6

Action                   |  1- 3 |  4- 6 || total
-------------------------+-------+-------++-------
Melee: Trident           |   165 |    42 ||   207
  Use: Potion            |     2 |     2 ||     4
  Eat: Chunk             |     2 |     2 ||     4
Armor: Scale mail        |     4 |       ||     4
       Chain mail        |    89 |    26 ||   115
Dodge: Dodged            |    30 |     5 ||    35
Block: Shield            |   108 |    34 ||   142

Table legend:
 A = Non-vault XP
 B = Vault XP
 C = Vault XP percentage of total XP
 D = Non-vault monster count
 E = Vault monster count
 F = Vault count percentage of total count
                 A         B        C        D         E       F
            +---------+---------+-------+---------+---------+-------
      Total |     133 |     130 |  49.4 |      44 |       1 |   2.2
            +---------+---------+-------+---------+---------+-------
        D:1 |      16 |       0 |   0.0 |       7 |       0 |   0.0
        D:2 |      70 |       0 |   0.0 |      20 |       0 |   0.0
        D:3 |      47 |     130 |  73.4 |      17 |       1 |   5.6
            +---------+---------+-------+---------+---------+-------
